 Dungeon Crawl Stone Soup version 0.30-a0-360-g447f08457e (webtiles) character file.

Game seed: 3979597030553733775

74522 snetch the Warrior (level 15, -10/152 HPs)
             Began as a Minotaur Berserker on Nov 11, 2022.
             Was a High Priest of Trog.
             Hit by a silver javelin thrown by a merfolk javelineer (20 damage)
             ... led by Ilsuiw
             ... on level 2 of the Shoals on Nov 13, 2022.
             The game lasted 01:24:12 (15872 turns).

snetch the Warrior (Minotaur Berserker)            Turns: 15872, Time: 01:24:12

Health: -10/152    AC: 26    Str: 28    XL:     15   Next: 7%
Magic:  14/14      EV: 14    Int:  4    God:    Trog [*****.]
Gold:   1220       SH:  0    Dex: 11    Spells: 14/14 levels left

rFire   + . .      SeeInvis .    a - +8 trident of the Octopus King {venom, rElec rPois}
rCold   + . .      Faith    .    (no shield)
rNeg    . . .      Spirit   .    T - +7 plate armour {ponderous}
rPois   +          Reflect  .    (helmet restricted)
rElec   +          Harm     .    f - scarf {rC+ rF+}
rCorr   .          Rampage  .    K - +0 pair of gloves
Will    +++..                    (no boots)
Stlth   ..........               d - amulet of regeneration
HPRegen 2.25/turn                U - ring of flight
MPRegen 0.14/turn                C - +4 ring of evasion

@: strong-willed, flying, regenerating, slow
A: horns 2, retaliatory headbutt
a: Renounce Religion, Berserk, Trog's Hand, Brothers in Arms


You were on level 2 of the Shoals.
You worshipped Trog.
Trog was extremely pleased with you.
You visited 5 branches of the dungeon, and saw 23 of its levels.

You collected 1803 gold pieces.
You spent 583 gold pieces at shops.

Inventory:

Hand Weapons
 a - the +8 trident of the Octopus King (weapon) {venom, rElec rPois}
   (You found it on level 7 of the Dungeon)

   It poisons the flesh of those it strikes.
   rElec:     It insulates you from electricity.
   rPois:     It protects you from poison.
 b - a +4 vorpal war axe
 c - a +0 hand axe of flaming
 V - a +2 antimagic glaive
 Z - a +5 vorpal battleaxe
Missiles
 h - 134 stones
 i - 37 boomerangs
 j - 23 poisoned darts
 B - 9 curare-tipped darts
Armour
 f - a scarf of resistance (worn)
 K - a +0 pair of gloves (worn)
 T - a +7 plate armour of ponderousness (worn)
Jewellery
 d - an amulet of regeneration (around neck)
 k - a +6 ring of strength
 p - a ring of fire
 t - a ring of protection from cold
 u - an amulet of reflection
 C - a +4 ring of evasion (right hand)
 I - a ring of protection from cold
 U - a ring of flight (left hand)
Wands
 x - a wand of roots (22)
 z - a wand of flame (46) (quivered)
 H - a wand of acid (13)
 J - a wand of polymorph (14)
 R - a wand of paralysis (14)
 S - a wand of digging (8)
Scrolls
 e - 5 scrolls of immolation
 g - 5 scrolls of enchant armour
 l - a scroll of torment
 n - 7 scrolls of vulnerability
 o - 7 scrolls of teleportation
 s - 2 scrolls of magic mapping
 y - 7 scrolls of enchant weapon
 E - 5 scrolls of butterflies
 F - a scroll of silence
 G - 5 scrolls of poison
 L - 4 scrolls of blinking
 O - a scroll of fear
 P - a scroll of identify
 X - 2 scrolls of summoning
Potions
 m - 6 potions of curing
 q - 4 potions of mutation
 r - 3 potions of heal wounds
 v - 2 potions of attraction
 w - 3 potions of resistance
 A - 2 potions of invisibility
 D - 4 potions of might
 M - a potion of haste
 N - 2 potions of flight
 Q - 3 potions of lignification
 W - 2 potions of ambrosia
 Y - a potion of cancellation


   Skills:
 + Level 19.0 Fighting
 - Level 14.3(16.0) Axes
 - Level 11.6(14.6) Polearms
 + Level 4.6 Throwing
 + Level 16.1 Armour
 + Level 6.6 Dodging
 + Level 3.0 Stealth
 + Level 2.0 Evocations


You had 14 spell levels left.
You didn't know any spells.
Your spell library contained the following spells:

 Spells                   Type           Power      Damage    Failure   Level
 Magic Dart               Conj           0%         1d3       97%         1
 Sting                    Tmut/Pois      0%         1d3       97%         1
 Blink                    Tloc           0%         N/A       99%         2
 Call Imp                 Summ           0%         N/A       99%         2
 Ensorcelled Hibernation  Hex/Ice        0%         N/A       99%         2
 Momentum Strike          Conj/Tloc      0%         3d8       99%         2
 Passwall                 Tmut/Erth      0%         N/A       99%         2
 Poisonous Vapours        Pois/Air       0%         N/A       99%         2
 Inner Flame              Hex/Fire       0%         N/A       100%        3
 Lesser Beckoning         Tloc           0%         N/A       100%        3
 Mephitic Cloud           Conj/Pois/Air  0%         N/A       100%        3
 Swiftness                Air            0%         N/A       100%        3
 Vhi's Electric Charge    Tloc/Air       0%         N/A       100%        3
 Anguish                  Hex/Necr       0%         N/A       100%        4
 Animate Dead             Necr           0%         N/A       100%        4
 Flame Wave               Conj/Fire      0%         2d4       100%        4
 Olgreb's Toxic Radiance  Pois           0%         N/A       100%        4
 Sticky Flame             Conj/Fire      0%         2d3       100%        4
 Arcjolt                  Conj/Air       0%         1d10      100%        5
 Enfeeble                 Hex            0%         N/A       100%        7
 Haunt                    Necr/Summ      0%         N/A       100%        7
 Infestation              Necr           0%         N/A       100%        8
 Maxwell's Capacitive Co  Air            0%         ∞         100%        8


Dungeon Overview and Level Annotations

Branches:
Dungeon (13/15)            Temple (1/1) D:7            Lair (5/5) D:8
 Shoals (1/4) Lair:3       Spider (0/4) Lair:3        Slime (0/5) Lair:4
    Orc (2/2) D:9             Elf (0/3) Orc:2
 Vaults: D:13-14

Altars:
Ashenzari
Cheibriados
Dithmenos
Elyvilon
Fedhas
Gozag
Hepliaklqana
Kikubaaqudgha
Makhleb
Nemelex Xobeh
Okawaru
Qazlal
Ru
Sif Muna
Trog
Uskayaw
Vehumet
Wu Jian
Xom
Yredelemnul
Zin
The Shining One
Jiyva
Lugonu

Shops:
D:2 *   D:3 !   D:4 !?*=   D:5 *?   Orc:2 [(?*(

Portals:
Abyss: Lair:5

Annotations:
Shoals:2 Ilsuiw


Innate Abilities, Weirdness & Mutations

You have a pair of horns on your head.
You reflexively headbutt those who attack you in melee.


Message History

You cannot call out to Trog while unable to breathe.
You feel much better.
Your lungs strain for air!
The merfolk impaler hits you from afar with a +0 trident.
The merfolk javelineer throws a javelin.
The javelin pierces through you. Something hits you but does no damage.
The water elemental hits you!
The merfolk impaler hits you from afar with a +0 trident!
* * * LOW HITPOINT WARNING * * *
The merfolk javelineer throws a silver javelin.
The silver javelin pierces through you!
* * * LOW HITPOINT WARNING * * *
x2 You slip free of the water engulfing you.
The merfolk javelineer attacks as you move away!
The merfolk javelineer hits you but does no damage.
You gasp with relief as air once again reaches your lungs.
The merfolk javelineer throws a javelin.
The javelin pierces through you!
* * * LOW HITPOINT WARNING * * *
Something barely misses you.
The merfolk javelineer barely misses you.
Your troll goes berserk!
The merfolk impaler misses you. The water elemental hits you.
* * * LOW HITPOINT WARNING * * *
Something hits you but does no damage.
The merfolk javelineer hits you from afar with a +1 antimagic spear.
* * * LOW HITPOINT WARNING * * *
The merfolk impaler hits you but does no damage.
Your skin crawls.
You feel strong-willed.
Your troll bites the water elemental!!
Your troll claws the water elemental!
The water elemental is destroyed!
The water elemental disappears in a puff of smoke!
The merfolk impaler barely misses you. Something hits you!
* * * LOW HITPOINT WARNING * * *
Something freezes you.
* * * LOW HITPOINT WARNING * * *
The merfolk javelineer throws a silver javelin.
The silver javelin pierces through you!!
You die...

.~~~~~~~.~~~~~~~
.~~~≈≈~~.~~~.~~~~~~..m§...
.~~≈≈≈~~~...~~~~~~~~..~..~
~~~~~~...##.~~~~~~~...~~~P
..~~....###.../. ..~~~.~P~
.......)###....# #.~~~~~~~
##..........#### #..~~~~P.
#####..........###E.~~~~..
. #........~..@#..~~~...
## #........~~.T§mm~~...~
#...........~~{m~~~..~~
...##...##....~~~~~~~~~~
~~.. ##..#####.~~~~~~~~~~
~~~~ #~.. #.~~..~.~~~~ ~~
~~~. ..~...~~~~<~ ..~~~
.........~~~~ ~....
~~~?..##..~~~


You could see a merfolk impaler, 2 merfolk javelineers and a friendly troll
(summoned, berserk).

Vanquished Creatures
  Kirke (Lair:5)
  A merfolk impaler (Shoals:2)
  Harold (D:9)
  5 ogre magi
  A catoblepas (Lair:3)
  A hydra (Lair:4)
  22 two-headed ogres
  A centaur warrior (D:10)
  3 thrashing horrors (Lair:5)
  A death yak (Lair:4)
  Nergalle (Orc:1)
  The ghost of brouguemayhem the Cudgeller, a novice MiGl of Yredelemnul (D:8)
  Pikel (D:9)
  A lindwurm (Lair:2)
  A deep elf pyromancer (D:12)
  3 harpies (Shoals:2)
  An oklob plant (Lair:4)
  2 orc sorcerers
  A wolf spider (Lair:3)
  4 cyclopes
  A manticore (Shoals:2)
  4 black mambas
  2 merfolk sirens
  A water nymph (Shoals:2)
  A smoke demon (Lair:5)
  A gargoyle (D:11)
  8 cane toads
  An unseen horror (D:12)
  A torpor snail (Lair:4)
  9 komodo dragons
  2 kobold demonologists
  5 rime drakes
  An ancient zyme (Lair:5)
  3 trolls
  A merfolk (Shoals:1)
  3 polar bears
  A slime creature (Lair:4)
  2 hornets
  24 blink frogs
  2 dream sheep (Shoals:2)
  3 snapping turtles
  4 spriggans
  A culicivora (shapeshifter) (Lair:5)
  A jumping spider (Lair:3)
  2 vampires (D:10)
  4 shadows
  2 culicivoras (Lair:3)
  A wraith (D:11)
  2 wyverns
  4 basilisks
  49 yaks
  2 hogs (Lair:5)
  2 large abominations (Lair:5)
  6 chaos spawn (Lair:5)
  10 small abominations (Lair:5)
  A redback (Lair:3)
  2 wargs
  An acid dragon (D:10)
  17 water moccasins
  12 orc warriors
  A hornet zombie (D:5)
  4 black bears
  2 ice beasts (D:8)
  3 sky beasts
  16 wolves
  26 ogres
  A lemure (D:9)
  A phantom (D:6)
  A kobold brigand (D:8)
  7 necrophages
  3 scorpions (D:5)
  11 bullfrogs
  A wyvern zombie (D:5)
  A water moccasin zombie (D:5)
  4 wights (D:6)
  3 electric eels (D:3)
  4 howler monkeys
  3 jellies (Lair:4)
  A hound (D:5)
  14 orc priests
  2 gnoll boudas (D:9)
  An iguana (D:5)
  A scorpion zombie (D:5)
  19 orc wizards
  10 gnolls (D:9)
  6 adders
  2 ufetubi
  3 worms
  3 dart slugs
  52 orcs
  4 bats
  8 endoplasms
  2 giant cockroaches
  12 goblins
  11 hobgoblins
  13 jackals
  7 kobolds
  5 quokkas
  9 ball pythons
  A frilled lizard (D:1)
  7 rats
  6 bushes (D:5)
543 creatures vanquished.

Vanquished Creatures (collateral kills)
  3 two-headed ogres (Orc:2)
  2 manticores (Shoals:2)
  A cyclops (Shoals:2)
  A rime drake (Lair:5)
  2 merfolk (Shoals:2)
  3 hogs (Lair:5)
  5 ogres (Orc:2)
  A wolf (Lair:5)
  An electric eel (Lair:5)
19 creatures vanquished.

Vanquished Creatures (others)
  A bush (D:5)
  17 fungi
  26 plants
44 creatures vanquished.

Grand Total: 606 creatures vanquished

Notes
Turn   | Place    | Note
-------+----------+-------------------------------------------
     0 | D:1      | snetch the Minotaur Berserker began the quest for the Orb.
     0 | D:1      | Reached XP level 1. HP: 19/19 MP: 0/0
    50 | D:1      | Reached XP level 2. HP: 22/27 MP: 1/1
    64 | D:1      | Reached skill level 4 in Fighting
   291 | D:1      | Reached ** piety under Trog
   311 | D:2      | Reached XP level 3. HP: 33/33 MP: 2/2
   356 | D:3      | Noticed a necrophage
   368 | D:3      | Killed a necrophage
   369 | D:3      | Reached skill level 5 in Axes
   369 | D:3      | Reached XP level 4. HP: 41/41 MP: 3/3
   420 | D:3      | Found a transporter.
   659 | D:2      | Reached *** piety under Trog
   673 | D:2      | Reached XP level 5. HP: 47/47 MP: 4/4
   682 | D:3      | Found a faded altar of an unknown god.
   985 | D:2      | Found Mebubrea's General Store.
   988 | D:2      | Bought a scroll of teleportation for 33 gold pieces
  1069 | D:2      | Identified the +1 ring mail of Kirumnov {+Blink Str+2
                  | Int+3}
  1317 | D:2      | You fall into a shaft and drop 1 floor!
  2013 | D:3      | Found a transporter.
  2109 | D:3      | Found Ukixkug's Distillery.
  2114 | D:3      | Bought a potion of curing for 42 gold pieces
  2114 | D:3      | Bought a potion of attraction for 42 gold pieces
  2246 | D:5      | Entered Level 5 of the Dungeon
  2246 | D:5      | Found Vubb's General Store.
  2246 | D:5      | Found Teleer's Magic Scroll Shoppe.
  2311 | D:4      | Found Araofoopt's Jewellery Boutique.
  2382 | D:5      | Reached skill level 5 in Fighting
  2382 | D:5      | Reached XP level 6. HP: 54/56 MP: 5/5
  2559 | D:4      | Found Obuoxo's General Store.
  2565 | D:4      | Reached **** piety under Trog
  2585 | D:4      | Bought a scroll of identify for 20 gold pieces
  2585 | D:4      | Bought a scroll of identify for 20 gold pieces
  2613 | D:4      | Reached XP level 7. HP: 46/61 MP: 6/6
  2634 | D:4      | Found Wenophod's Distillery.
  2673 | D:4      | Found Filyhuyrch's Magic Scroll Boutique.
  2748 | D:5      | Reached skill level 5 in Armour
  3041 | D:6      | Reached XP level 8. HP: 49/70 MP: 7/7
  3288 | D:5      | Found a blossoming altar of Fedhas.
  3314 | D:5      | Reached skill level 6 in Fighting
  3326 | D:5      | Reached skill level 10 in Axes
  3497 | D:3      | Reached skill level 7 in Fighting
  3687 | D:6      | Reached skill level 1 in Stealth
  3705 | D:7      | Reached XP level 9. HP: 60/79 MP: 8/8
  3843 | D:7      | Found the +8 trident of the Octopus King {venom, rElec
                  | rPois}
  3917 | D:6      | Reached skill level 1 in Evocations
  4304 | D:7      | Found a staircase to the Ecumenical Temple.
  4309 | Temple   | Entered the Ecumenical Temple
  5440 | D:8      | Noticed a rime drake
  5445 | D:8      | Reached skill level 1 in Polearms
  5471 | D:8      | Killed a rime drake
  5480 | D:8      | Found a staircase to the Lair.
  5495 | D:8      | Noticed a polar bear
  5502 | D:8      | Killed a polar bear
  5757 | D:8      | Found a runed translucent door.
  5757 | D:8      | Noticed brouguemayhem's ghost (novice MiGl)
  5759 | D:8      | Noticed a polar bear
  5759 | D:8      | Identified the +8 spear of Success {distort, Drain *Slow
                  | rElec rC+++}
  5923 | D:8      | Reached XP level 10. HP: 88/88 MP: 9/9
  5926 | D:8      | Reached skill level 8 in Fighting
  5928 | D:8      | Reached skill level 5 in Polearms
  5944 | D:8      | Noticed a two-headed ogre
  5949 | D:8      | Killed a two-headed ogre
  6253 | D:8      | Reached ***** piety under Trog
  6277 | D:8      | Killed brouguemayhem's ghost
  6282 | D:8      | Reached skill level 9 in Fighting
  6282 | D:8      | Reached skill level 5 in Dodging
  6411 | D:10     | Entered Level 10 of the Dungeon
  6477 | D:9      | Noticed a two-headed ogre
  6483 | D:9      | Killed a two-headed ogre
  6779 | D:9      | Noticed a two-headed ogre
  6794 | D:9      | Killed a two-headed ogre
  6795 | D:9      | Reached XP level 11. HP: 74/99 MP: 10/10
  6848 | D:9      | Noticed Pikel
  6855 | D:9      | Killed Pikel
  6946 | D:9      | Noticed a two-headed ogre
  6952 | D:9      | Killed a two-headed ogre
  6953 | D:9      | Reached skill level 10 in Fighting
  6953 | D:9      | Reached skill level 10 in Polearms
  7016 | D:9      | Noticed Harold
  7025 | D:9      | Killed Harold
  7155 | D:9      | Found a staircase to the Orcish Mines.
  7385 | D:10     | Reached skill level 1 in Throwing
  7481 | D:10     | Noticed a centaur warrior
  7492 | D:10     | Killed a centaur warrior
  8147 | D:11     | Reached skill level 11 in Fighting
  8539 | D:12     | Noticed a deep elf pyromancer
  8543 | D:12     | Killed a deep elf pyromancer
  8754 | D:12     | Found a glowing golden altar of the Shining One.
  8761 | D:12     | Noticed a two-headed ogre
  8761 | D:12     | Noticed a two-headed ogre
  8762 | D:12     | Noticed a two-headed ogre
  8772 | D:12     | Killed a two-headed ogre
  8772 | D:12     | Killed a two-headed ogre
  8773 | D:12     | Reached skill level 12 in Fighting
  8773 | D:12     | Reached XP level 12. HP: 112/112 MP: 11/11
  8775 | D:12     | Killed a two-headed ogre
  9106 | D:12     | Reached skill level 10 in Armour
  9146 | D:12     | Noticed an ogre mage
  9153 | D:12     | Killed an ogre mage
  9155 | D:12     | Noticed a two-headed ogre
  9157 | D:12     | Noticed a two-headed ogre
  9161 | D:12     | Killed a two-headed ogre
  9164 | D:12     | Killed a two-headed ogre
  9560 | D:12     | Upgraded the game from 0.30-a0-359-gd0147acb1a to
                  | 0.30-a0-360-g447f08457e
  9640 | Orc:1    | Entered Level 1 of the Orcish Mines
  9689 | Orc:2    | Entered Level 2 of the Orcish Mines
  9713 | Orc:2    | Found a staircase to the Elven Halls.
  9727 | Orc:2    | Reached skill level 13 in Fighting
  9789 | Orc:1    | Paralysed by an orc sorcerer for 3 turns
  9799 | Orc:1    | Received a gift from Trog
  9826 | Orc:1    | Noticed Nergalle
  9843 | Orc:1    | Killed Nergalle
  9950 | Orc:2    | Found Uhiow's Antique Armour Boutique.
 10043 | Orc:1    | Noticed a two-headed ogre
 10051 | Orc:1    | Killed a two-headed ogre
 10421 | Orc:2    | Noticed a two-headed ogre
 10423 | Orc:2    | Noticed a two-headed ogre
 10423 | Orc:2    | Noticed an ogre mage
 10424 | Orc:2    | Noticed an ogre mage
 10425 | Orc:2    | Noticed a two-headed ogre
 10427 | Orc:2    | Noticed a two-headed ogre
 10427 | Orc:2    | Noticed a two-headed ogre
 10427 | Orc:2    | Noticed an ogre mage
 10433 | Orc:2    | Killed a two-headed ogre
 10435 | Orc:2    | Noticed a two-headed ogre
 10437 | Orc:2    | Noticed a two-headed ogre
 10438 | Orc:2    | Killed a two-headed ogre
 10438 | Orc:2    | Noticed a two-headed ogre
 10439 | Orc:2    | Killed an ogre mage
 10440 | Orc:2    | Killed a two-headed ogre
 10441 | Orc:2    | Reached skill level 14 in Fighting
 10441 | Orc:2    | Killed a two-headed ogre
 10442 | Orc:2    | Killed a two-headed ogre
 10443 | Orc:2    | Reached XP level 13. HP: 116/124 MP: 12/12
 10452 | Orc:2    | Found Laro's Weapon Shop.
 10459 | Orc:2    | Found Ifuot's Magic Scroll Shoppe.
 10459 | Orc:2    | Found Teimafin's Antique Weapon Boutique.
 10459 | Orc:2    | Found Dan Wuir's Assorted Antiques.
 10531 | Orc:2    | Bought a clear potion for 27 gold pieces
 10531 | Orc:2    | Bought a scroll labelled LUMAHYESOH for 31 gold pieces
 10531 | Orc:2    | Bought a scroll labelled OBE PEVYIKAIPHAT for 31 gold
                  | pieces
 10531 | Orc:2    | Bought a wand of flame (4) for 86 gold pieces
 10531 | Orc:2    | Bought a scroll labelled YSEHYNU CUIFFY for 31 gold pieces
 10539 | Orc:2    | Bought a scroll of identify for 26 gold pieces
 10539 | Orc:2    | Bought a scroll of blinking for 97 gold pieces
 10539 | Orc:2    | Bought a scroll of enchant armour for 97 gold pieces
 11051 | Lair:1   | Entered Level 1 of the Lair of Beasts
 11103 | Lair:1   | Received a gift from Trog
 11146 | Lair:1   | Reached skill level 15 in Fighting
 12876 | Lair:4   | Reached skill level 16 in Fighting
 12993 | Lair:4   | Reached XP level 14. HP: 137/137 MP: 13/13
 13099 | Lair:3   | Found a hole to the Spider Nest.
 13106 | Lair:3   | Reached ****** piety under Trog
 13106 | Lair:3   | Received a gift from Trog
 13443 | Lair:3   | Found a staircase to the Shoals.
 13723 | Lair:5   | Entered Level 5 of the Lair of Beasts
 13967 | Lair:4   | Found a viscous altar of Jiyva.
 13972 | Lair:4   | Found a staircase to the Slime Pits.
 14100 | Lair:4   | Reached skill level 17 in Fighting
 14503 | Lair:5   | Reached skill level 15 in Armour
 14666 | Lair:5   | Noticed Kirke
 14686 | Lair:5   | Killed Kirke
 14896 | Lair:5   | Received a gift from Trog
 14950 | Lair:5   | Reached skill level 18 in Fighting
 15109 | Lair:5   | Identified the +1 leather armour of Xum Iqay {Dex+8 Slay+3}
 15219 | Lair:5   | Found a corrupted altar of Lugonu.
 15219 | Lair:5   | Found a one-way gate to the infinite horrors of the Abyss.
 15586 | Shoals:1 | Entered Level 1 of the Shoals
 15718 | Shoals:1 | You are sucked into a shaft and drop 1 floor!
 15751 | Shoals:2 | Reached XP level 15. HP: 102/151 MP: 14/14
 15819 | Shoals:2 | Reached skill level 19 in Fighting
 15849 | Shoals:2 | Noticed Ilsuiw
 15872 | Shoals:2 | Hit by a silver javelin thrown by a merfolk javelineer

Illustrated notes

Levels and vault maps discovered:
D:1:      minmay_arrival_doors, layout_rooms, minivault_5,
          ebering_dispersal_statue_hall, supply_closet_lemuel
D:2:      layout_loops_ring, serial_aquarium, aquarium_bridge_long_separate
          [aquarium_subvault_wall, aquarium_subvault_wall,
          aquarium_subvault_bridge, aquarium_subvault_window,
          aquarium_subvault_wall, aquarium_subvault_bridge],
          aquarium_bridge_square [aquarium_subvault_bridge,
          aquarium_subvault_balcony, aquarium_subvault_bridge,
          aquarium_subvault_window], aquarium_window_corridor_1,
          aquarium_window_1, aquarium_window_1, aquarium_window_corner,
          aquarium_view_2d, aquarium_balcony_3b, aquarium_pool_side,
          serial_shops, shop
D:3:      gammafunk_steamed_eel, layout_rooms, serial_shops,
          nicolae_shop_hallway_plus, ebering_ecumenical_altar_petrified
D:4:      layout_basic, serial_shops,
          nicolae_shop_temple_entry_statues_fountains, nicolae_lakefront_shop,
          shop, shop, grunt_decor_junction
D:5:      layout_gridville, fedhas_altar_decomposition, serial_shops,
          nicolae_stop_n_shop_1, shop
D:6:      layout_cave_pools
D:7:      layout_basic, temple_doors_ab, interstate_on_off,
          hangedman_decor_diamond_cutter
D:8:      layout_basic, hellmonk_lair_entry_icy, ebering_ghost_funeral_grove
D:9:      layout_roguey, orc_0_dummy, serial_curves, eino_curves_02,
          eino_curves_02, corexii_checkpoint_a, st_stairs_7, uniq_harold,
          uniq_pikel
D:10:     layout_basic
D:11:     layout_cross
D:12:     layout_long_grid, tso_metal_star
D:13:     minmay_slanted_spiral_squares, layout_small_grid,
          lightli_vaults_fourway_checkpoint
Temple:   mainiacjoe_temple_starburst
Lair:1:   layout_gridlike, grunt_megastairs_3
Lair:2:   layout_cave_shapes
Lair:3:   layout_gridlike, shoals_dummy_entry, spider_nest_entry_funnel_web
Lair:4:   layout_misc_corridors, minmay_slime_entry_pillars, minivault_27,
          minmay_lair_oklob_items
Lair:5:   hellmonk_lair_end_abyssal_woods, layout_gridlike,
          serial_bayou_shore_a, uniq_kirke
Shoals:1: layout_shoals
Shoals:2: layout_shoals, uniq_ilsuiw
Orc:1:    layout_caves, basic_altar, uniq_nergalle
Orc:2:    st_orc_ogre_mass, layout_caves, serial_shops, shop, basic_altar,
          nicolae_orc_sculptors_studio

Skill      XL: |  1  2  3  4  5  6  7  8  9 10 11 12 13 14 15 |
---------------+----------------------------------------------+-----
Axes           | 4 5 6 7 9 11 12 14 | 14.3
Fighting       | 4 5 7 9 12 14 16 18 19 | 19.0
Armour         | 3 4 5 7 8 9 12 13 16 | 16.1
Dodging        | 3 4 5 6 |  6.6
Stealth        | 1 2 3 |  3.0
Evocations     | 2 |  2.0
Polearms       | 4 9 11 | 11.6
Throwing       | 2 3 4 |  4.6

Action                   |  1- 3 |  4- 6 |  7- 9 | 10-12 | 13-15 || total
-------------------------+-------+-------+-------+-------+-------++-------
Melee: Hand axe          |    75 |     8 |       |     3 |     4 ||    90
       Headbutt          |     9 |    16 |    31 |    71 |   146 ||   273
       Punch             |     1 |     1 |     1 |     7 |     3 ||    13
       War axe           |       |   108 |   133 |    30 |    82 ||   353
       Trident           |       |       |    78 |   365 |   580 ||  1023
Throw: Stone             |       |     2 |       |     6 |       ||     8
       Boomerang         |       |     1 |       |     7 |       ||     8
       Dart              |       |       |     3 |    13 |     3 ||    19
Invok: Berserk           |     1 |       |     1 |     4 |     2 ||     8
       Trog's Hand       |       |       |     2 |     2 |     5 ||     9
       Brothers in Arms  |       |       |       |     1 |     3 ||     4
 Abil: Evoke Blink       |       |       |     2 |       |       ||     2
Evoke: Wand              |       |       |     6 |       |     2 ||     8
  Use: Scroll            |       |     6 |     1 |       |    17 ||    24
       Potion            |       |       |       |       |     1 ||     1
 Stab: Sleeping          |     1 |       |       |       |       ||     1
Armor: Animal skin       |     6 |       |       |       |       ||     6
       Chain mail        |    31 |    24 |       |       |       ||    55
       Ring mail         |       |    19 |    71 |    40 |       ||   130
       Plate armour      |       |       |       |   104 |   243 ||   347
Dodge: Dodged            |    45 |    65 |   104 |   146 |   333 ||   693

Table legend: (Time is in decaauts)
 A = Elapsed time spent in this place.
 B = Non-inter-level travel time spent in this place.
 C = Inter-level travel time spent in this place.
 D = Time resting spent in this place.
 E = Time spent auto-exploring this place.
 F = Levels seen in this place.
 G = Mean time per level.
                   A        B        C        D        E       F      G
               +--------+--------+--------+--------+--------+-----+--------+
         Total |  16154 |  14804 |   1350 |    233 |  10447 |  23 |  702.3 |
       Dungeon |   9255 |   8281 |    974 |    151 |   5622 |  13 |  711.9 |
        Temple |    538 |    501 |     37 |      0 |    494 |   1 |  538.0 |
          Lair |   4698 |   4403 |    295 |     71 |   3257 |   5 |  939.6 |
        Shoals |    264 |    264 |      0 |      3 |     54 |   2 |  132.0 |
  Orcish Mines |   1397 |   1354 |     43 |      8 |   1019 |   2 |  698.5 |
               +--------+--------+--------+--------+--------+-----+--------+

Top non-repeatable levels by time:
     D:8: 1162 daAuts
  Lair:5: 1131 daAuts
     D:2: 1085 daAuts
  Lair:3: 1059 daAuts
    D:12: 991 daAuts
  Lair:4: 934 daAuts
     D:9: 861 daAuts
   Orc:2: 847 daAuts
     D:7: 806 daAuts
  Lair:1: 788 daAuts
  Lair:2: 784 daAuts
    D:10: 744 daAuts
    D:11: 724 daAuts
     D:5: 664 daAuts
     D:1: 628 daAuts
